[Event "Croatian 1A League 2022"]
[Site "Porec"]
[Date "2022.10.02"]
[Round "9.8"]
[White "Saric, Ibro"]
[Black "Janzelj, Tim"]
[Result "0-1"]
[ECO "A87"]
[WhiteElo "2542"]
[BlackElo "2456"]
[Annotator "TA"]
[PlyCount "94"]
[EventDate "2022.09.24"]
[EventType "team-tourn"]
[EventCountry "CRO"]
[SourceTitle "playchess.com"]
[Source "ChessBase"]
[SourceQuality "1"]
[TimeControl "40/5400+30:1800+30"]

1. d4 f5 2. g3 Nf6 3. Bg2 g6 4. Nf3 Bg7 5. O-O O-O 6. c4 d6 7. Nc3 Qe8 8. d5 Na6 9. Nd4 Bd7 10. Rb1 c6 11. b3 Nc7 12. Re1 {[%emt 0:07:58] [#] A87: Dutch Defence: Leningrad System: 5 Nf3.} cxd5 $146 ({Predecessor:} 12... c5 13. Ne6 Nxe6 14. dxe6 Bxe6 15. Bxb7 Rb8 16. Bg2 a5 17. Bd2 Qd8 18. Qc2 Bd7 19. a4 Qb6 {½-½ (54) Garcia Vicente,N (2235)-Van Parreren,H (2185) Delden 1993}) 13. cxd5 Qf7 14. Ne6 {[%emt 0:08:27] [#] The position is equal.} Nfxd5 15. Nxd5 (15. Nxf8 $2 Nxc3 16. Qc2 Rxf8 $19) 15... Nxe6 16. Be3 (16. b4 $11) 16... Rfc8 (16... g5 $17 17. f4 gxf4 18. Nxf4 Nxf4 19. Bxf4 Bc6) 17. b4 $11 Nc7 18. Bg5 Bf8 19. Nxe7+ Bxe7 20. Bxe7 Qxe7 21. Bxb7 Rab8 22. Bxc8 Bxc8 23. b5 Ne6 $1 (23... Rxb5 $2 24. Rxb5 Nxb5 25. Qd5+ Be6 26. Qxb5 $18) (23... Nxb5 $2 24. Qd3 $18 (24. a4 Nc3 $14)) 24. Qb3 Bb7 25. Red1 h5 (25... f4 $5 26. Qd3 d5 $17) 26. Qe3 (26. Qb4 $11) 26... Rf8 $17 27. f3 f4 $1 28. Qd3 (28. gxf4 $17 Rxf4 29. b6 (29. Qxa7 $2 Nd4 $19)) 28... fxg3 $1 $19 29. hxg3 Qg5 30. Kf2 Nc5 (30... h4 $19 {has better winning chances.} 31. Qxd6 Qf6) 31. Qc4+ $17 Kh7 {[%emt 0:00:25] Black is more active.} 32. Rd4 {[%emt 0:00:43] Prevents Ne4+.} Qe5 {[%emt 0:08:22] Threatens to win with ...Ne6.} 33. Rf4 Re8 (33... Bd5 $15 34. Qd4 Qxd4+ 35. Rxd4 Bxa2) 34. Rf7+ $1 $11 {[%emt 0:00:53][%mdl 1024] White has compensation.} Kh8 35. Qc2 $2 (35. Rd1 $1 $11 {and White stays safe.}) 35... Bd5 36. Rxa7 (36. Rf4 $142) 36... Qd4+ $2 (36... Re6 37. Qb2 $18) ({Black should try} 36... Qe3+ $1 $19 37. Kg2 (37. Kf1 $2 Bxf3 38. exf3 Qxf3+ 39. Kg1 Re2 $19) 37... Ne4 $1 38. Qb2+ Re5) 37. Kf1 Ne4 {[%emt 0:01:00][%mdl 64] Discovered Attack. The board is on fire.} 38. fxe4 Rf8+ 39. Ke1 Qxa7 40. Qc3+ (40. exd5 $2 Qa5+ 41. Qd2 {[#]} Rf1+ $3 42. Kxf1 Qxd2 $19) (40. Qb2+ $11 Kh7 41. exd5 Qf2+ 42. Kd1) 40... Kg8 $19 41. b6 Qf7 ({Don't play} 41... Qxa2 42. Ra1 Qc4 43. Qxc4 Bxc4 44. b7 $18) 42. Rb4 Bb7 {[%emt 0:01:51] And now ...Qf1+ would win.} (42... Bxa2 43. b7 Qf1+ 44. Kd2 $18) 43. a4 $2 (43. Qb3) 43... Qf1+ ({Avoid the trap} 43... h4 $2 44. gxh4 Qf1+ 45. Kd2 $19) 44. Kd2 Ba6 {[%emt 0:00:08] Black is clearly winning.} 45. Qb3+ d5 46. Qd1 Qf2 {[%emt 0:00:06] ...Rf3 is the strong threat.} 47. b7 {[%emt 0:01:05] [#]} Bxb7 $1 {[%emt 0:00:45][%mdl 512] Weighted Error Value: White=0.51/Black=0.26 (precise)} 0-1

[Event "Croatian 1A League 2022"]
[Site "Porec"]
[Date "2022.10.02"]
[Round "9.9"]
[White "Ivekovic, Bozidar"]
[Black "Saric, Ante"]
[Result "0-1"]
[ECO "B43"]
[WhiteElo "2407"]
[BlackElo "2510"]
[Annotator "TA"]
[PlyCount "74"]
[EventDate "2022.09.24"]
[EventType "team-tourn"]
[EventCountry "CRO"]
[SourceTitle "playchess.com"]
[Source "ChessBase"]
[SourceQuality "1"]
[TimeControl "40/5400+30:1800+30"]

1. e4 c5 2. Nc3 a6 3. Nf3 b5 4. d4 cxd4 5. Nxd4 Bb7 6. Bd3 e6 7. O-O Nc6 8. Nxc6 Bxc6 9. Qe2 {[%emt 0:00:08] B43: Sicilian: Kan Variation: 5 Nc3.} Bc5 10. Be3 Bxe3 11. Qxe3 {[%emt 0:00:05] White has an edge.} Ne7 12. e5 O-O {[%emt 0:11:24] [#]} 13. Ne4 $146 ({Predecessor:} 13. Rad1 Qc7 14. f4 f5 15. exf6 Rxf6 16. Ne4 Bxe4 17. Bxe4 Raf8 18. g3 Rc8 19. Qd3 {1-0 (35) Josse,M (2235)-Quirke,J (2086) Chess.com INT 2022}) 13... Nf5 14. Qh3 Qh4 15. Qxh4 Nxh4 16. f3 f6 17. exf6 gxf6 18. Nd6 f5 19. Be2 Kg7 20. g3 Ng6 21. f4 Ra7 22. c4 bxc4 23. Bxc4 Ne7 24. Rfc1 Nc8 25. Nxc8 Rxc8 26. b4 Kf6 27. Bd3 (27. a4 $11) 27... Rb8 $15 28. Rab1 Be4 29. Bxe4 (29. Rc3 $1 $15 {deserves consideration.}) 29... fxe4 {[%emt 0:00:02][%mdl 4096] Endgame KRR-KRR} 30. Rc4 $2 {[%emt 0:00:07] White does not recover from this.} (30. a3 $15) 30... d5 $19 31. Rc6 {[%emt 0:00:02] [#]} Rab7 $1 32. Rd1 (32. a3 {was called for.} a5 33. g4) 32... Rb6 33. Rxb6 Rxb6 34. Rd4 (34. a3 {was necessary.} Rc6 35. g4) 34... Rd6 {[%emt 0:01:20] Black is clearly winning.} 35. a4 e5 36. fxe5+ Kxe5 37. Rd2 d4 {[%emt 0:00:11] Weighted Error Value: White=0.70/Black=0.02 (flawless)} 0-1

[Event "Croatian 1A League 2022"]
[Site "Porec"]
[Date "2022.10.02"]
[Round "9.10"]
[White "Plenca, Julijan"]
[Black "Ostovic, Matija"]
[Result "0-1"]
[ECO "C41"]
[WhiteElo "2447"]
[BlackElo "2386"]
[Annotator "TA"]
[PlyCount "74"]
[EventDate "2022.09.24"]
[EventType "team-tourn"]
[EventCountry "CRO"]
[SourceTitle "playchess.com"]
[Source "ChessBase"]
[SourceQuality "1"]
[TimeControl "40/5400+30:1800+30"]

1. e4 d6 2. d4 Nf6 3. Nc3 e5 4. Nf3 Nbd7 5. Bc4 Be7 6. a4 O-O 7. O-O c6 8. h3 exd4 {[%emt 0:00:25] 8...h6 gains popularity.} 9. Nxd4 {[%emt 0:00:59] C41: Philidor Defence.} Ne5 10. Bb3 Re8 11. Bf4 {[%emt 0:09:37] White is slightly better.} Bf8 {[%emt 0:06:11] [#]} 12. Bh2 $146 ({Predecessor:} 12. Re1 Be6 13. Bg3 Bxb3 14. cxb3 a5 15. Kh1 Qb6 16. f4 Ng6 17. Nf5 Rad8 18. Qc2 {0-1 (25) Darmarakis,M (2110)-Chilov,A (2185) Athens 1996}) 12... Bd7 (12... Ned7 $11 {keeps the balance.}) 13. f4 $16 Ng6 14. Qd3 Qa5 15. Kh1 Rad8 16. Rae1 Bc8 17. Nf3 Be6 (17... d5 $1 $14 18. exd5 Rxe1 19. Rxe1 Ne7) 18. Bxe6 fxe6 19. f5 ({White should play} 19. Ng5 $16) 19... exf5 (19... Ne5 $1 $11 20. Bxe5 dxe5) 20. exf5 $14 Rxe1 21. Rxe1 ({Reject} 21. Nxe1 Ne5 22. Bxe5 Qxe5 $11) 21... Ne7 ({Black should try} 21... Nh8 $1 $14) 22. Nd4 ({Don't play} 22. Bxd6 $6 Qxf5 23. Rxe7 Qxd3 24. cxd3 Bxe7 25. Bxe7 Rxd3 $14) (22. g4 $16) 22... Ned5 23. Qc4 Qc5 24. Qxc5 dxc5 25. Ne6 Rd7 26. Be5 c4 27. Ne4 $36 {[%emt 0:01:25][%mdl 2048] White has the initiative.} b5 (27... Be7 $11) 28. Nxf6+ (28. Nxf8 $16 Kxf8 29. Nc5) 28... gxf6 $11 29. Bd4 bxa4 30. Ra1 a3 31. bxa3 (31. Nxf8 $16 Kxf8 32. Rxa3) 31... Bd6 32. g4 h6 (32... c3 $11) 33. Rb1 Kf7 34. a4 Nf4 $2 {[%emt 0:00:41] [#]} (34... Nb4 $11 {and Black is okay.}) 35. Nxf4 (35. Rb7 $1 $18 Rxb7 36. Nd8+ Ke7 37. Nxb7) 35... Bxf4 $16 36. c3 {[%emt 0:00:24][%mdl 8192] [#]} (36. Bc3 $16) 36... Rxd4 $1 $19 37. Rb7+ (37. Rb4 Rd3) 37... Ke8 {[%emt 0:00:05] Weighted Error Value: White=0.45/Black=0.27 (precise)} 0-1

[Event "Croatian 1A League 2022"]
[Site "Porec"]
[Date "2022.10.02"]
[Round "9.11"]
[White "Ivekovic, Zvonimir"]
[Black "Plenca, Jadranko"]
[Result "1/2-1/2"]
[ECO "C45"]
[WhiteElo "2380"]
[BlackElo "2412"]
[Annotator "TA"]
[PlyCount "81"]
[EventDate "2022.09.24"]
[EventType "team-tourn"]
[EventCountry "CRO"]
[SourceTitle "playchess.com"]
[Source "ChessBase"]
[SourceQuality "1"]
[TimeControl "40/5400+30:1800+30"]

1. e4 e5 2. Nf3 Nc6 3. d4 exd4 4. Nxd4 Nf6 5. Nxc6 bxc6 6. e5 Ne4 7. Qf3 Ng5 8. Qg3 Ne6 9. Bd3 {[%emt 0:03:08] C45: Scotch Game.} d5 10. O-O h5 11. f4 {[%emt 0:04:24][%cal Bf2f4,Bf4f5][%mdl 32] White is slightly better.} h4 12. Qf3 Bc5+ 13. Be3 Bxe3+ 14. Qxe3 Qe7 15. f5 {[%emt 0:04:08] White is more active.} Qc5 {[%emt 0:00:07] [#]} 16. Qf2 $146 ({Predecessor:} 16. Kf2 Qxe3+ 17. Kxe3 Nc5 18. Nd2 Rh5 19. Rac1 Nxd3 20. cxd3 Bxf5 21. Rxc6 d4+ 22. Ke2 {½-½ (60) Plat,V (2539)-Nemeth,M (2489) Mali Losinj 2017}) 16... Qxf2+ 17. Rxf2 Nc5 18. Nd2 $1 Rh5 19. e6 Nxd3 20. cxd3 fxe6 21. fxe6 Bxe6 22. Re1 Kd7 23. d4 {[%emt 0:00:16][%mdl 1024] White has compensation.} Re8 24. Nb3 {[%emt 0:00:40] [#] And now Nc5+ would win.} Bf5 25. Nc5+ Kd8 26. Rc1 g6 27. Nb7+ {[%emt 0:07:51][%mdl 64] [#] Discovered Attack} Kd7 28. Na5 Re6 29. Nb3 {[%emt 0:01:13] Nc5+ is the strong threat.} Re7 30. Nc5+ Kd6 31. Kf1 Rh8 32. Rf3 Rb8 33. b3 Rf8 34. b4 h3 35. gxh3 Bxh3+ 36. Kf2 $1 Rxf3+ 37. Kxf3 Bf5 38. Kf2 (38. h4 $11) 38... Rh7 $15 39. Kg2 Rh3 (39... Rh4 $15 40. Nb7+ Kd7 41. Nc5+ Ke8) 40. Nb7+ Kd7 41. Nc5+ {[%emt 0:03:41] Weighted Error Value: White=0.09 (flawless) /Black=0.06 (flawless)} 1/2-1/2

[Event "Croatian 1A League 2022"]
[Site "Porec"]
[Date "2022.10.02"]
[Round "9.12"]
[White "Bobanac, Miro"]
[Black "Zovko, Mario"]
[Result "1-0"]
[ECO "A37"]
[WhiteElo "2245"]
[BlackElo "2306"]
[Annotator "TA"]
[PlyCount "85"]
[EventDate "2022.09.24"]
[EventType "team-tourn"]
[EventCountry "CRO"]
[SourceTitle "playchess.com"]
[Source "ChessBase"]
[SourceQuality "1"]
[TimeControl "40/5400+30:1800+30"]

1. Nf3 c5 2. c4 d6 3. g3 e5 4. Nc3 g6 5. Bg2 Bg7 6. O-O Ne7 7. d3 Nbc6 8. Bd2 O-O 9. a3 a5 10. Rb1 h6 11. Ne1 f5 {[%emt 0:07:44] A37: Symmetrical English vs ...g6: 4 Bg2 Bg7 5 Nf3.} 12. Nc2 Rb8 13. Ne3 {[%emt 0:04:23] [#]} b6 $146 {[%emt 0:13:30] White is slightly better.} ({Predecessor:} 13... Kh7 14. Ned5 b6 15. b4 axb4 16. axb4 Be6 17. b5 Na7 18. Ra1 Nac8 19. Ra6 Nxd5 20. Nxd5 Bxd5 21. Bxd5 {1-0 (45) Murphy,C (2077)-Mason,D (2147) Wakefield 2017}) 14. Ned5 Bb7 15. b4 axb4 16. axb4 Ba8 17. b5 Nd4 18. Ra1 Nxd5 19. Nxd5 Rf7 20. e3 Ne6 21. Ra3 $36 {[%emt 0:00:48][%mdl 2048] White has the initiative.} Nc7 22. Nxc7 $1 {[%emt 0:07:32] White has more active pieces.} Bxg2 23. Kxg2 Rxc7 24. Qf3 $1 {[%emt 0:00:37] Inhibits Ra8.} Qe7 25. Qd5+ Kh7 26. Rfa1 e4 {[%emt 0:02:21] [#]} (26... Qf7 $16) 27. R1a2 (27. Ra8 $1 $18 {[%cal Ra8b8] and the rest is easy.} Rf8 28. Rxf8 Bxf8 29. Ra6 (29. Ra8 exd3 30. Rb8 Ra7 $18)) 27... h5 ({Black should play} 27... Qe5) 28. Ra8 $16 Rcb7 {[%emt 0:02:19] [#]} 29. R2a3 (29. R2a7 $3 $18 ) 29... h4 30. Rxb8 Rxb8 31. Bc3 (31. dxe4 $16 fxe4 32. Ra6) 31... Bxc3 32. Rxc3 $14 {[%emt 0:00:10][%mdl 4096] Endgame KQR-KQR} Rd8 33. Ra3 Rg8 (33... exd3 $16 34. Rxd3 (34. Qxd3 Qb7+ 35. Qd5 Qxd5+ 36. cxd5 Rc8 $11) 34... hxg3) 34. Ra6 Rb8 35. dxe4 fxe4 36. gxh4 Qxh4 $2 {[%emt 0:01:30] This move loses the game for Black.} (36... Rf8 $16) 37. Ra7+ $18 {[%emt 0:01:04] White is clearly winning.} Kh6 38. Qxd6 ({And not} 38. Qf7 Qg4+ 39. Kh1 (39. Kf1 Qd1+ 40. Kg2 Qg4+ 41. Kh1 Qd1+ 42. Kg2 Qg4+ $11) 39... Qd1+ 40. Kg2 Qg4+ 41. Kh1 (41. Kf1 Qd1+ 42. Kg2 Qg4+ $11) 41... Qd1+ 42. Kg2 Qg4+ $11) 38... Rd8 39. Qg3 Qxg3+ 40. Kxg3 {[%emt 0:00:38] Strongly threatening Rb7.} ({Less strong is} 40. hxg3 Kg5 41. Rc7 Rd3 $18) ({Weaker is} 40. fxg3 Rd3 $16) 40... Kg5 (40... Rf8 $142 41. Re7 Rf3+ 42. Kg2 Rf8 43. Rxe4 Kh7) 41. Rf7 Rd6 42. h4+ Kh6 43. Re7 {[%emt 0:00:16] Weighted Error Value: White=0.16 (very precise) /Black=0.33} 1-0

[Event "Croatian 1A League 2022"]
[Site "Porec"]
[Date "2022.10.02"]
[Round "9.13"]
[White "Fedorchuk, Sergey A."]
[Black "Vavulin, Maxim"]
[Result "1/2-1/2"]
[ECO "C92"]
[WhiteElo "2617"]
[BlackElo "2550"]
[Annotator "TA"]
[PlyCount "25"]
[EventDate "2022.09.24"]
[EventType "team-tourn"]
[EventCountry "CRO"]
[SourceTitle "playchess.com"]
[Source "ChessBase"]
[SourceQuality "1"]
[TimeControl "40/5400+30:1800+30"]

1. e4 e5 2. Nf3 Nc6 3. Bb5 a6 4. Ba4 Nf6 5. O-O Be7 6. Re1 b5 7. Bb3 d6 8. c3 O-O 9. h3 Re8 {[%emt 0:00:05] [#]} 10. Ng5 $146 ({Predecessor:} 10. d4 Bb7 11. Ng5 Rf8 12. Nf3 Re8 13. Ng5 Rf8 14. Nf3 Re8 {½-½ (14) Giri,A (2761)-Maghsoodloo,P (2699) Chess.com INT 2022}) 10... Rf8 11. Nf3 Re8 12. Ng5 Rf8 13. Nf3 1/2-1/2

[Event "Croatian 1A League 2022"]
[Site "Porec"]
[Date "2022.10.02"]
[Round "9.14"]
[White "Fercec, Nenad"]
[Black "Bernadskiy, Vitaliy"]
[Result "1/2-1/2"]
[WhiteElo "2403"]
[BlackElo "2558"]
[Annotator "TA"]
[PlyCount "42"]
[EventDate "2022.09.24"]
[EventType "team-tourn"]
[EventCountry "CRO"]
[SourceTitle "playchess.com"]
[Source "ChessBase"]
[SourceQuality "1"]
[TimeControl "40/5400+30:1800+30"]

1. e4 c6 2. d4 d5 3. Nd2 dxe4 4. Nxe4 Bf5 5. Ng3 Bg6 6. h4 h6 7. Nf3 Nd7 8. h5 Bh7 9. Bd3 Bxd3 10. Qxd3 {[%emt 0:01:24] [#]} ({Reject} 10. cxd3 Ngf6 $15) {Predecessor:} 10... e6 $146 {B19: Classical Caro-Kann: 4...Bf5 main line.} 11. Bd2 Ngf6 12. O-O-O Be7 13. Kb1 Qb6 14. Ne4 Rd8 15. c4 c5 16. Bc3 O-O 17. Qe2 Nxe4 18. Qxe4 Nf6 19. Qe2 cxd4 20. Bxd4 Bc5 21. Bxc5 Qxc5 {1-0 (47) Sevian,S (2684)-Keymer,V (2686) Chess.com INT 2022} 1/2-1/2

[Event "Croatian 1A League 2022"]
[Site "Porec"]
[Date "2022.10.02"]
[Round "9.16"]
[White "Zufic, Miroslav"]
[Black "Kovacevic, Blazimir"]
[Result "1/2-1/2"]
[WhiteElo "2370"]
[BlackElo "2405"]
[Annotator "TA"]
[PlyCount "33"]
[EventDate "2022.09.24"]
[EventType "team-tourn"]
[EventCountry "CRO"]
[SourceTitle "playchess.com"]
[Source "ChessBase"]
[SourceQuality "1"]
[TimeControl "40/5400+30:1800+30"]

1. g3 c5 2. Bg2 g6 3. f4 Bg7 4. Nf3 Nc6 5. O-O d6 6. d3 e5 7. Nc3 Nge7 8. e4 O-O {[%emt 0:00:05] [#]} {Predecessor:} 9. f5 $146 {B25: Closed Sicilian: 3 g3, lines without early Be3.} gxf5 10. Nh4 f4 11. gxf4 Ng6 12. Nf5 Bxf5 13. exf5 Nxf4 14. Bxf4 exf4 15. Rxf4 Qg5 16. Qg4 Qxg4 17. Rxg4 {½-½ (44) Libiszewski,F (2522)-Zubov,A (2598) Chess.com INT 2021} 1/2-1/2

[Event "Croatian 1A League 2022"]
[Site "Porec"]
[Date "2022.10.02"]
[Round "9.17"]
[White "Loncar, Robert"]
[Black "Franic, Milan"]
[Result "1/2-1/2"]
[ECO "C84"]
[WhiteElo "2367"]
[BlackElo "2365"]
[Annotator "TA"]
[PlyCount "31"]
[EventDate "2022.09.24"]
[EventType "team-tourn"]
[EventCountry "CRO"]
[SourceTitle "playchess.com"]
[Source "ChessBase"]
[SourceQuality "1"]
[TimeControl "40/5400+30:1800+30"]

1. e4 e5 2. Nf3 Nc6 3. Bb5 a6 4. Ba4 Nf6 5. d3 d6 6. O-O Be7 7. c3 O-O 8. Re1 Re8 9. Nbd2 {[%emt 0:00:08][%cal Bb1d2,Bd2f1,Bf1g3][%mdl 32] C84: Closed Ruy Lopez: Unusual White 6th moves.} Bf8 10. Nf1 b5 11. Bc2 {[%emt 0:00:07] White is slightly better.} h6 12. Ng3 g6 13. a4 Bd7 {[%emt 0:00:09] [#]} 14. axb5 $146 ({Predecessor:} 14. d4 Bg7 15. h3 Qc8 16. Be3 exd4 17. cxd4 Nb4 18. Bb1 c5 19. axb5 Bxb5 20. Qd2 {1-0 (32) Golecki,J (2219)-Wolski,J (1889) Warsaw 2022}) 14... axb5 15. Rxa8 Qxa8 16. Nf1 {[%emt 0:00:27] Weighted Error Value: White=0.08 (flawless) /Black=0.11 (very precise)} 1/2-1/2

[Event "Croatian 1A League 2022"]
[Site "Porec"]
[Date "2022.10.02"]
[Round "9.18"]
[White "Rubil, Marko"]
[Black "Sale, Srdjan"]
[Result "1/2-1/2"]
[ECO "C92"]
[WhiteElo "2270"]
[BlackElo "2366"]
[Annotator "TA"]
[PlyCount "45"]
[EventDate "2022.09.24"]
[EventType "team-tourn"]
[EventCountry "CRO"]
[SourceTitle "playchess.com"]
[Source "ChessBase"]
[SourceQuality "1"]
[TimeControl "40/5400+30:1800+30"]

1. e4 e5 2. Nf3 Nc6 3. Bb5 a6 4. Ba4 Nf6 5. O-O Be7 6. Re1 b5 7. Bb3 d6 8. c3 O-O 9. h3 Bb7 10. d3 h6 {[%emt 0:00:08] [#] A rather calm draw. C92: Closed Ruy Lopez: 9...Be6, Karpov and Flohr-Zaitsev Variations.} {Predecessor:} 11. Nbd2 $146 Re8 12. Nf1 Bf8 13. Ne3 Na5 14. Bc2 c5 15. a3 Rc8 16. b4 Nc6 17. Bb3 Nb8 18. Bb2 Nbd7 19. Nh2 Nb6 20. Nhg4 Nh7 21. c4 bxc4 22. Nxc4 Nxc4 23. Bxc4 {½-½ (66) Firouzja,A (2759)-Le,Q (2709) chess24.com INT 2021} 1/2-1/2

[Event "Croatian 1A League 2022"]
[Site "Porec"]
[Date "2022.10.02"]
[Round "9.19"]
[White "Motylev, Alexander"]
[Black "Cheparinov, Ivan"]
[Result "1/2-1/2"]
[WhiteElo "2635"]
[BlackElo "2686"]
[Annotator "TA"]
[PlyCount "29"]
[EventDate "2022.09.24"]
[EventType "team-tourn"]
[EventCountry "CRO"]
[SourceTitle "playchess.com"]
[Source "ChessBase"]
[SourceQuality "1"]
[TimeControl "40/5400+30:1800+30"]

1. e4 e5 2. Nf3 Nc6 3. Nc3 Nf6 4. d4 exd4 5. Nxd4 Bb4 6. Nxc6 bxc6 7. Bd3 d5 8. exd5 cxd5 {[%emt 0:00:04] 8...0-0 is the fancy move.} 9. O-O O-O 10. Bg5 {[%emt 0:00:06] [#]} {Predecessor:} Be6 $146 {C47: Scotch Four Knights and Four Knights with 4 g3.} 11. Nb5 c5 12. a3 Ba5 13. b4 Bb6 14. bxc5 Bxc5 15. Qd2 {½-½ (15) Artemiev,V (2706)-Esipenko,A (2678) Cheboksary 2022} 1/2-1/2

[Event "Croatian 1A League 2022"]
[Site "Porec"]
[Date "2022.10.02"]
[Round "9.20"]
[White "Hracek, Zbynek"]
[Black "Postny, Evgeny"]
[Result "1/2-1/2"]
[ECO "C97"]
[WhiteElo "2556"]
[BlackElo "2573"]
[Annotator "TA"]
[PlyCount "43"]
[EventDate "2022.09.24"]
[EventType "team-tourn"]
[EventCountry "CRO"]
[SourceTitle "playchess.com"]
[Source "ChessBase"]
[SourceQuality "1"]
[TimeControl "40/5400+30:1800+30"]

1. e4 e5 2. Nf3 Nc6 3. Bb5 a6 4. Ba4 Nf6 5. O-O Be7 6. Re1 b5 7. Bb3 d6 8. c3 O-O 9. h3 Na5 10. Bc2 c5 11. d4 Qc7 12. Nbd2 {[%emt 0:00:02] [#]} {Predecessor:} Re8 $146 {C97: Closed Ruy Lopez: Chigorin Defence: 11 d4 Qc7, sidelines.} 13. Nf1 g6 14. Bg5 Nc4 15. b3 Nb6 16. Qd2 Bb7 17. Ng3 Nbd7 18. d5 Bf8 19. Rf1 Bg7 20. Bh6 Qd8 21. Nh2 Bxh6 22. Qxh6 {1-0 (48) Vidit,S (2723)-Rapport,R (2762) chess24.com INT 2022} 1/2-1/2

[Event "Croatian 1A League 2022"]
[Site "Porec"]
[Date "2022.10.02"]
[Round "9.24"]
[White "Mrkonjic, Nenad"]
[Black "Medancic, Rikard"]
[Result "1/2-1/2"]
[WhiteElo "2347"]
[BlackElo "2120"]
[Annotator "TA"]
[PlyCount "31"]
[EventDate "2022.09.24"]
[EventType "team-tourn"]
[EventCountry "CRO"]
[SourceTitle "playchess.com"]
[Source "ChessBase"]
[SourceQuality "1"]
[TimeControl "40/5400+30:1800+30"]

1. d4 Nf6 2. Nf3 e6 3. Bf4 d5 4. e3 b6 5. Be2 Bb7 6. O-O {[%emt 0:00:06] D02: 1 d4 d5 2 Nf3 sidelines, including 2...Nf6 3 g3 and 2...Nf6 3 Bf4.} Be7 7. h3 O-O {[%emt 0:00:07] The position is equal.} 8. c3 c5 9. Nbd2 h6 {[%emt 0:00:06] [#] Not much happened in this game.  Weighted Error Value: White=0.08 (flawless) /Black=0.05 (flawless)} {Predecessor:} 10. Ne5 $146 Nbd7 11. Ndf3 Nxe5 12. Nxe5 Ne4 13. f3 Nf6 14. Bd3 Nd7 15. Bc2 Nxe5 16. Bxe5 {1-0 (37) Becker,W (1715)-Benicke,B (1558) Playchess.com INT 2020} 1/2-1/2

[Event "Croatian 1A League 2022"]
[Site "Porec"]
[Date "2022.10.02"]
[Round "9.26"]
[White "Erdos, Viktor"]
[Black "Martinovic, Sasa"]
[Result "1/2-1/2"]
[ECO "A12"]
[WhiteElo "2597"]
[BlackElo "2546"]
[Annotator "TA"]
[PlyCount "45"]
[EventDate "2022.09.24"]
[EventType "team-tourn"]
[EventCountry "CRO"]
[SourceTitle "playchess.com"]
[Source "ChessBase"]
[SourceQuality "1"]
[TimeControl "40/5400+30:1800+30"]

1. Nf3 Nf6 2. b3 d5 3. Bb2 Bg4 4. e3 Nbd7 5. Be2 e6 6. c4 c6 7. h3 Bxf3 8. Bxf3 Bd6 9. O-O O-O 10. d4 {[%emt 0:00:04] A12: English Opening: 1...c6 with b3 by White.} Qe7 11. Nc3 a6 12. Qc2 {[%emt 0:00:04] [#] A rather calm draw.  Weighted Error Value: White=0.06 (flawless) /Black=0.05 (flawless)} {Predecessor:} Rac8 $146 13. e4 dxe4 14. Nxe4 Nxe4 15. Qxe4 Ba3 16. Bc3 Bb4 17. Qe1 Bxc3 18. Qxc3 Qa3 19. Rfe1 Rfd8 20. Rad1 h6 21. Re3 Rc7 22. Qd2 Qd6 23. b4 {½-½ (23) Rogers,I (2600)-Gyimesi,Z (2500) Germany 1997} 1/2-1/2

[Event "Croatian 1A League 2022"]
[Site "Porec"]
[Date "2022.10.02"]
[Round "9.28"]
[White "Trbojevic, Mladen"]
[Black "Kurajica, Bojan"]
[Result "1/2-1/2"]
[WhiteElo "2332"]
[BlackElo "2488"]
[Annotator "TA"]
[PlyCount "47"]
[EventDate "2022.09.24"]
[EventType "team-tourn"]
[EventCountry "CRO"]
[SourceTitle "playchess.com"]
[Source "ChessBase"]
[SourceQuality "1"]
[TimeControl "40/5400+30:1800+30"]

1. e4 e5 2. Nf3 Nc6 3. Bb5 a6 4. Ba4 Nf6 5. O-O Be7 6. Re1 b5 7. Bb3 O-O 8. c3 d6 {[%emt 0:00:39] [#]} {Predecessor:} 9. d4 $146 {C91: Closed Ruy Lopez: 7...d6 8 c3 0-0 9 d4.} Bg4 10. d5 Na5 11. Bc2 c6 12. h3 Bc8 13. dxc6 Qc7 14. Nbd2 Qxc6 15. Nf1 Nc4 16. Ng3 Be6 17. Nh4 Rfc8 18. Nhf5 Bf8 19. Qf3 Ne8 20. Rd1 g6 21. b3 Nb6 22. Nh6+ Bxh6 23. Bxh6 Qxc3 24. Bd3 {0-1 (36) Kamsky,G (2655)-Le,Q (2722) Biel 2022} 1/2-1/2

[Event "Croatian 1A League 2022"]
[Site "Porec"]
[Date "2022.10.02"]
[Round "9.29"]
[White "Cvitan, Ognjen"]
[Black "Krstic, Uros"]
[Result "1/2-1/2"]
[WhiteElo "2445"]
[BlackElo "2323"]
[Annotator "TA"]
[PlyCount "44"]
[EventDate "2022.09.24"]
[EventType "team-tourn"]
[EventCountry "CRO"]
[SourceTitle "playchess.com"]
[Source "ChessBase"]
[SourceQuality "1"]
[TimeControl "40/5400+30:1800+30"]

1. Nf3 Nf6 2. d4 g6 3. c4 Bg7 4. Nc3 O-O 5. e4 d6 6. Be2 e5 7. dxe5 dxe5 8. Qxd8 Rxd8 9. Bg5 Re8 10. Nd5 {[%emt 0:00:05] [#]} {Predecessor:} Nxd5 $146 {E92: King's Indian: Classical: 6 Be2 e5: 7 dxe5, 7 Be3 and Petrosian System without 7...Nbd7.} 11. cxd5 c6 12. Bc4 b5 13. Bb3 a5 14. a4 bxa4 15. Bxa4 Bd7 16. dxc6 Bxc6 17. Ke2 Bxa4 18. Rxa4 Nc6 19. Rc1 Nd4+ 20. Kf1 Rab8 21. Rb1 Rb5 22. Nxd4 exd4 {½-½ (38) So,W (2776)-Firouzja,A (2804) Bucharest 2022} 1/2-1/2